 Dungeon Crawl Stone Soup version 0.29-a0-887-gcbe080d7e0 (webtiles) character file.

Game seed: 8144155225479471934

1606 nicolae the Changer (level 8, -2/54 HPs)
             Began as a Demonspawn Transmuter on July 22, 2022.
             Was an Elder of Jiyva.
             Slain by Duvessa
             ... wielding a +0 short sword
              (15 damage)
             ... on level 6 of the Dungeon.
             The game lasted 00:15:43 (6527 turns).

nicolae the Changer (Demonspawn Transmuter)         Turns: 6527, Time: 00:15:43

Health: -2/54      AC:  2    Str: 10    XL:     8   Next: 63%
Magic:  11/11      EV: 15    Int: 18    God:    Jiyva [****..]
Gold:   77         SH:  0    Dex: 13    Spells: 1/11 levels left

rFire   . . .      SeeInvis .     - Unarmed
rCold   . . .      Faith    .   (no shield)
rNeg    . . .      Spirit   .   a - +0 robe
rPois   .          Reflect  .   (helmet currently unavailable)
rElec   .          Harm     .   x - +0 cloak
rCorr   +          Rampage  .   (no gloves)
Will    +++..                   (boots currently unavailable)
Stlth   +.........              (no amulet)
HPRegen 1.46/turn               e - ring of wizardry
MPRegen 0.52/turn               (no ring)

@: appendages
A: horns 2, talons 2, repulsion field 2, powered by death 2, spiny 2,
strong-willed 3, pseudopods 1
a: End Transformation, Renounce Religion, Oozemancy, Slimify


You were on level 6 of the Dungeon.
You worshipped Jiyva.
Jiyva was greatly pleased with you.
You had temporarily grown beastly horns and talons.
You visited 2 branches of the dungeon, and saw 7 of its levels.
You also visited: Sewer.

You collected 294 gold pieces.
You spent 217 gold pieces at shops.

Inventory:

Missiles
 C - 2 boomerangs
Armour
 a - a +0 robe (worn)
 g - a +0 pair of boots (melded)
 x - a +0 cloak (worn)
Jewellery
 e - a ring of wizardry (left hand)
Wands
 l - a wand of polymorph (7)
Scrolls
 b - 2 scrolls of amnesia {unknown}
 c - a scroll of butterflies
 h - a scroll of torment {unknown}
 j - a scroll of vulnerability {unknown}
 n - 3 scrolls of fear
 o - 2 scrolls of teleportation
 q - 2 scrolls of immolation {unknown}
 r - 2 scrolls of blinking
 t - a scroll of enchant armour {unknown}
 y - a scroll of poison {unknown}
 A - 2 scrolls of magic mapping
Potions
 d - a potion of ambrosia
 f - 3 potions of might
 i - a potion of curing
 k - a potion of attraction {unknown}
 m - a potion of magic {unknown}
 p - 2 potions of mutation {unknown}
 s - a potion of resistance {unknown}
 u - 3 potions of invisibility
 v - 2 potions of cancellation
 w - a potion of experience {unknown}
 z - a potion of heal wounds {unknown}


   Skills:
 - Level 1.0 Fighting
 - Level 1.7 Dodging
 + Level 3.5 Unarmed Combat
 - Level 2.0 Spellcasting
 - Level 7.0 Transmutations
 - Level 5.0 Ice Magic
 - Level 5.0 Poison Magic


You had one spell level left.
You knew the following spells:

 Your Spells              Type           Power      Damage    Failure   Level
a - Beastly Appendage     Tmut           54%        N/A       1%          1
b - Wereblood             Tmut           27%        N/A       1%          2
c - Spider Form           Tmut/Pois      23%        N/A       1%          3
d - Ice Form              Ice/Tmut       23%        N/A       6%          4

Your spell library contained the following spells:

 Spells                   Type           Power      Damage    Failure   Level
 Passwall                 Tmut/Erth      11%        N/A       2%          2
 Ensorcelled Hibernation  Hex/Ice        20%        N/A       4%          2
 Swiftness                Air            1%         N/A       21%         3


Dungeon Overview and Level Annotations

Branches:
Dungeon (6/15)             Temple (1/1) D:4           Sewer (visited)

Altars:
Ashenzari
Kikubaaqudgha
Makhleb
Nemelex Xobeh
Okawaru
Qazlal
Ru
Trog
Vehumet
Wu Jian
Xom
Yredelemnul

Shops:
D:2 (   D:4 ?[

Annotations:
D:2 1 runed translucent door, Crazy Yiuf
D:6 Duvessa
Temple 2 transporters


Innate Abilities, Weirdness & Mutations

You have temporarily grown beastly horns and talons.
You are surrounded by a moderate repulsion field. (EV +3)
You regenerate health from kills.
You are mostly covered in sharp spines.
You are extremely strong-willed. (Will+++)
Armour fits poorly on your pseudopods.


Message History

You kill the hound!
Duvessa hits you with a +0 short sword! Duvessa barely misses you.
You hit Duvessa. You claw Duvessa.
Duvessa is lightly wounded.
You hear a distant slurping noise.
Duvessa hits you with a +0 short sword!
* * * LOW HITPOINT WARNING * * *
Jiyva gurgles merrily.
You hit Duvessa but do no damage. You headbutt Duvessa.
Duvessa is lightly wounded.
Duvessa closely misses you. Duvessa hits you with a +0 short sword!
* * * LOW HITPOINT WARNING * * *
You hit Duvessa but do no damage. Your kick misses Duvessa.
You bludgeon Duvessa, but do no damage.
Duvessa is lightly wounded.
The jelly barely misses Duvessa.
Duvessa completely misses you.
You hit Duvessa but do no damage. You claw Duvessa.
Your bludgeon misses Duvessa.
Duvessa is lightly wounded.
Duvessa hits you with a +0 short sword!
* * * LOW HITPOINT WARNING * * *
The jelly hits Duvessa.
Duvessa is splashed with acid.
The acid corrodes Duvessa!
Duvessa hits the jelly with a +0 short sword!
Duvessa seems to be corroded for longer.
Duvessa is burned by acid!
You feel better.
The jelly hits Duvessa.
Duvessa is splashed with acid.
Duvessa seems to be corroded for longer.
Duvessa hits the jelly with a +0 short sword!
Duvessa is burned by acid!
You closely miss Duvessa. You bludgeon Duvessa, but do no damage.
Duvessa is heavily wounded.
Duvessa completely misses you.
The jelly barely misses Duvessa.
Duvessa is struck by your spines. Duvessa barely misses you.
You hit Duvessa. Your punch misses Duvessa.
Duvessa is severely wounded.
The jelly hits Duvessa.
Duvessa is splashed with acid.
Duvessa seems to be corroded for longer.
Duvessa hits you with a +0 short sword!
You die...

# .................
##......#.. ..
<.................#....P.##..
.. ....... #.......#.. ##
.... ##.........
#####.#####.........
#...................
#..............###P.
#..†J.##.......# ###
##.@...####..####### #e...##
##..##....
...).J.....#..##........
..........##...##.......
..........##.⌠..##......
..............⌠_##......
.####.##..##.⌠..##...... #.
##..#...###†.#... ..
.##).##...#####


You could see Duvessa (berserk, fast, corroded) and 2 neutral jellies (fellow
slime).

Vanquished Creatures
  Prince Ribbit (D:5)
  A water moccasin (D:6)
  2 black bears (D:4)
  2 ogres
  A phantom (D:6)
  3 scorpions
  6 hounds
  An orc priest (D:5)
  A gnoll bouda (D:6)
  3 jellies (Sewer)
  7 iguanas
  A river rat (Sewer)
  11 adders
  A shadow imp (D:5)
  A dart slug (D:4)
  2 worms (D:2)
  7 orcs
  10 ball pythons
  5 bats
  5 endoplasms
  11 giant cockroaches
  3 goblins
  8 hobgoblins
  2 jackals (D:2)
  7 kobolds
  A quokka (D:1)
  6 frilled lizards
  9 rats
118 creatures vanquished.

Vanquished Creatures (others)
  Dowan (D:6)
  2 jellies (D:4)
  An iguana (D:5)
  An adder (D:4)
  2 endoplasms (D:4)
  3 orcs
  A ball python (D:3)
  2 giant cockroaches (D:4)
  A goblin (D:3)
  A bat (D:3)
  6 plants (D:3)
  6 withered plants (D:6)
27 creatures vanquished.

Grand Total: 145 creatures vanquished

Notes
Turn   | Place    | Note
-------+----------+-------------------------------------------
     0 | D:1      | nicolae the Demonspawn Transmuter began the quest for the
                  | Orb.
     0 | D:1      | Reached XP level 1. HP: 15/15 MP: 3/3
    17 | D:1      | Reached skill level 2 in Transmutations
   615 | D:1      | Gained mutation: You are surrounded by a mild repulsion
                  | field. (EV +2) [demonic ancestry]
   615 | D:1      | Reached XP level 2. HP: 19/21 MP: 3/5
  1157 | D:1      | Learned a level 2 spell: Wereblood
  1183 | D:1      | Reached skill level 3 in Transmutations
  1400 | D:1      | Reached XP level 3. HP: 25/26 MP: 6/6
  2580 | D:2      | Found a runed translucent door.
  2581 | D:2      | Noticed Crazy Yiuf
  2664 | D:2      | Found Midase's Weapon Emporium.
  2682 | D:2      | Found a faded altar of an unknown god.
  2864 | D:3      | Found a glowing drain.
  2887 | D:3      | Reached skill level 4 in Transmutations
  2887 | D:3      | Gained mutation: You are partially covered in sharp spines.
                  | [demonic ancestry]
  2887 | D:3      | Reached XP level 4. HP: 15/32 MP: 7/7
  2910 | Sewer    | Entered a sewer
  3239 | Sewer    | Learned a level 3 spell: Spider Form
  3556 | Sewer    | HP: 1/48 [acid (2)]
  3558 | Sewer    | Gained mutation: You are surrounded by a moderate repulsion
                  | field. (EV +3) [demonic ancestry]
  3558 | Sewer    | Reached XP level 5. HP: 1/37 MP: 8/8
  3899 | Sewer    | Reached skill level 5 in Transmutations
  4038 | Sewer    | Reached skill level 1 in Poison Magic
  4039 | Sewer    | Found a viscous altar of Jiyva.
  4055 | Sewer    | Became a worshipper of Jiyva Juocreff the Shapeless
  4259 | D:3      | Found a sacrificial altar of Ru.
  4285 | D:3      | Found a bloodstained altar of Trog.
  4341 | D:3      | Reached * piety under Jiyva
  5017 | D:4      | Reached ** piety under Jiyva
  5030 | D:4      | Gained mutation: You are mostly covered in sharp spines.
                  | [demonic ancestry]
  5030 | D:4      | Reached XP level 6. HP: 43/43 MP: 9/9
  5037 | D:4      | Found Ymoiw's Armour Shop.
  5144 | D:4      | Found Idakogg's Magic Scroll Shoppe.
  5156 | D:4      | Bought a scroll of identify for 28 gold pieces
  5156 | D:4      | Bought a scroll of magic mapping for 105 gold pieces
  5156 | D:4      | Bought a scroll of fear for 56 gold pieces
  5366 | D:4      | Found a staircase to the Ecumenical Temple.
  5413 | Temple   | Entered the Ecumenical Temple
  5413 | Temple   | Found a transporter.
  5413 | Temple   | Found a transporter.
  5454 | D:4      | Reached skill level 5 in Poison Magic
  5454 | D:4      | Gained mutation: You regenerate a little health from kills.
                  | [demonic ancestry]
  5454 | D:4      | Reached XP level 7. HP: 48/48 MP: 10/10
  5459 | D:4      | Learned a level 4 spell: Ice Form
  5674 | D:4      | Bought a scroll of identify for 28 gold pieces
  5700 | D:5      | Entered Level 5 of the Dungeon
  5757 | D:5      | Reached skill level 6 in Transmutations
  5772 | D:5      | Reached *** piety under Jiyva
  5800 | D:5      | Gained mutation: You are strong-willed. (Will+) [Jiyva's
                  | grace]
  5800 | D:5      | Gained mutation: You are highly strong-willed. (Will++)
                  | [Jiyva's grace]
  5800 | D:5      | Gained mutation: You are extremely strong-willed. (Will+++)
                  | [Jiyva's grace]
  5800 | D:5      | Gained mutation: Armour fits poorly on your pseudopods.
                  | [Jiyva's grace]
  5886 | D:5      | Noticed Prince Ribbit
  5887 | D:5      | Found a broken altar of Ashenzari.
  5907 | D:5      | Killed Prince Ribbit
  5908 | D:5      | Reached skill level 7 in Transmutations
  5908 | D:5      | Reached skill level 1 in Ice Magic
  5993 | D:5      | Found a burning altar of Makhleb.
  6206 | D:5      | Gained mutation: You regenerate health from kills. [demonic
                  | ancestry]
  6206 | D:5      | Reached XP level 8. HP: 49/54 MP: 11/11
  6311 | D:6      | Reached **** piety under Jiyva
  6347 | D:6      | Found an ancient bone altar of Kikubaaqudgha.
  6393 | D:6      | Found an iron altar of Okawaru.
  6447 | D:6      | Reached skill level 5 in Ice Magic
  6514 | D:6      | Noticed Dowan
  6515 | D:6      | Noticed Duvessa
  6515 | D:6      | Killed Dowan
  6524 | D:6      | HP: 1/54 [Duvessa/+0 short sword (14)]
  6527 | D:6      | Slain by Duvessa

Illustrated notes

Levels and vault maps discovered:
D:1:      dpeg_arrival_arbitrary_c, layout_loops_ring, minmay_heptomino_d4
D:2:      layout_loops_corners, serial_shops, shop,
          ebering_ecumenical_altar_rust, grunt_ministairs_15,
          dreamdust_wishing_well, uniq_crazy_yiuf_cottage
D:3:      layout_loops_corners, mainiacjoe_overflow_small_starburst,
          lemuel_doored_altar, gup_sewer_entry_glass, guppyfry_early_lair_pool
D:4:      layout_gridville, minmay_temple_entry_water_ring, serial_shops,
          nicolae_stop_n_shop_1, nicolae_wooded_promenade
D:5:      layout_basic, chequers_temple_overflow_statue_of_worship,
          pf_just_have_faith, minmay_misc_feat_columns, uniq_prince_ribbit1
D:6:      layout_gridville, kiku_gazebo_garden_becter, minmay_ruined_shrine,
          uniq_duvessa
Temple:   hellmonk_temple_divided_pantheon

Skill      XL: |  1  2  3  4  5  6  7  8 |
---------------+-------------------------+-----
Transmutations | 2 3 4 5 7 |  7.0
Poison Magic   | 2 5 |  5.0
Ice Magic      | 1 5 |  5.0
Unarmed Combat | 3 |  3.5
Fighting       | |  1.0
Dodging        | |  1.7
Spellcasting   | |  2.0

Action                   |  1- 3 |  4- 6 |  7- 9 || total
-------------------------+-------+-------+-------++-------
Melee: Unarmed           |   143 |   102 |   118 ||   363
       Kick              |    24 |    16 |    27 ||    67
       Headbutt          |    16 |    13 |    12 ||    41
       Punch             |       |     1 |     4 ||     5
       Pseudopods        |       |       |    12 ||    12
 Cast: Beastly Appendage |    20 |    16 |    13 ||    49
       Ice Form          |       |       |     1 ||     1
  Use: Scroll            |       |     6 |     2 ||     8
       Potion            |       |     1 |     2 ||     3
 Stab: Sleeping          |     1 |       |       ||     1
       Distracted        |       |       |     1 ||     1
Armor: Robe              |    24 |    15 |     6 ||    45
       Skin              |       |     5 |     8 ||    13
Dodge: Dodged            |   113 |    53 |    86 ||   252

Table legend: (Time is in decaauts)
 A = Elapsed time spent in this place.
 B = Non-inter-level travel time spent in this place.
 C = Inter-level travel time spent in this place.
 D = Time resting spent in this place.
 E = Time spent auto-exploring this place.
 F = Levels seen in this place.
 G = Mean time per level.
                   A        B        C        D        E       F      G
               +--------+--------+--------+--------+--------+-----+--------+
         Total |   6542 |   6443 |     99 |   1159 |   3985 |   8 |  817.8 |
       Dungeon |   5336 |   5237 |     99 |    665 |   3517 |   6 |  889.3 |
        Temple |      1 |      1 |      0 |      0 |      0 |   1 |    1.0 |
         Sewer |   1204 |   1204 |      0 |    494 |    468 |   1 | 1204.0 |
               +--------+--------+--------+--------+--------+-----+--------+

Top non-repeatable levels by time:
     D:1: 1730 daAuts
   Sewer: 1204 daAuts
     D:2: 1053 daAuts
     D:3: 904 daAuts
     D:4: 827 daAuts
     D:5: 574 daAuts
     D:6: 247 daAuts
  Temple: 1 daAuts
